 Dungeon Crawl Stone Soup version 0.31-a0-233-g139696dc86 (webtiles) character file.

Game seed: 7238614233110104351

250 qw the Shooter (level 6, -1/36 HPs)
             Began as a Gargoyle Hexslinger on July 9, 2023.
             Slain by an orc wizard
             ... wielding a +0 dagger
              (4 damage)
             ... on level 3 of the Dungeon.
             The game lasted 00:00:47 (2086 turns).

qw the Shooter (Gargoyle Hexslinger)                Turns: 2086, Time: 00:00:48

Health: -1/36      AC:  8    Str: 18    XL:     6   Next: 13%
Magic:  7/7        EV: 16    Int: 13    God:
Gold:   57         SH:  0    Dex: 14    Spells: 6/7 levels left

rFire   . . .        Y - +2 sling
rCold   . . .        (no shield)
rNeg    + . .        k - +0 leather armour
rPois   inf          j - +1 hat
rElec   +            (no cloak)
rCorr   .            (no gloves)
SInv    .            (no boots)
Will    .....        b - amulet of faith
Stlth   +            l - +5 ring of evasion
HPRegen 0.26/turn    m - +6 ring of strength
MPRegen 0.10/turn

%: faith
@: no status effects
A: sickness immunity, AC +4, negative energy resistance 1, electricity
resistance, torment resistance 1, petrification resistance
a: no special abilities


You were on level 3 of the Dungeon.
You visited 1 branch of the dungeon, and saw 3 of its levels.

You collected 57 gold pieces.


Innate Abilities, Weirdness & Mutations

You are immune to sickness and miasma.
Your stone body is resilient. (AC +4)
You are immune to poison.
You resist negative energy. (rN+)
You are resistant to electric shocks. (rElec)
You are resistant to unholy torment.
You are immune to petrification.


   Skills:
 + Level 2.9 Fighting
 - Level 5.6 Ranged Weapons
 - Level 1.5 Dodging
 - Level 1.0 Spellcasting
 - Level 2.6 Hexes


You had 6 spell levels left.
You knew the following spells:

 Your Spells              Type           Power      Damage    Failure   Level
a - Slow                  Hex            28%        N/A       11%         1

Your spell library contained the following spells:

 Spells                   Type           Power      Damage    Failure   Level
 Inner Flame              Hex/Fire       4%         N/A       50%         3
 Portal Projectile        Hex/Tloc       8%         N/A       50%         3
 Cause Fear               Hex            3%         N/A       73%         4

Inventory:

Hand Weapons
 Y - a +2 sling (weapon)
Armour
 e - a +0 ring mail
 j - a +1 hat (worn)
 k - a +0 leather armour (worn)
Jewellery
 b - an amulet of faith (around neck)
 f - an amulet of regeneration
 l - a +5 ring of evasion (left hand)
 m - a +6 ring of strength (right hand)
Wands
 c - a wand of digging (5)
Scrolls
 a - 2 scrolls of identify
Potions
 d - a potion of haste {unknown}
 i - a potion of curing

Dungeon Overview and Level Annotations

Branches:
Dungeon (3/15)

Altars:

Shops:
D:2 [


Message History

The magic dart hits you but does no damage.
You hear some strange, mumbled words.
A magic dart appears from out of thin air!
The magic dart hits you but does no damage.
You shoot a sling bullet. Something hits you but does no damage.
Something hits you. Something hits you but does no damage. Something hits you.
You shoot a sling bullet.
You hear some strange, mumbled words.
Something tries to affect you, but you resist.
Something barely misses you.
You shoot a sling bullet. Something barely misses you.
Something hits you but does no damage.
You shoot a sling bullet. Something completely misses you. Something hits you.
You shoot a sling bullet.
You hear some strange, mumbled words.
A puff of flame appears from out of thin air!
The puff of flame hits you but does no damage.
Something hits you but does no damage.
You shoot a sling bullet. Something barely misses you.
Something hits you but does no damage.
You shoot a sling bullet.
You hear some strange, mumbled words.
A magic dart appears from out of thin air!
The magic dart hits you. Something closely misses you.
You shoot a sling bullet. Something hits you.
Something hits you but does no damage. x3
You shoot a sling bullet.
Something hits you but does no damage. x2
You shoot a sling bullet.
You hear some strange, mumbled words.
A puff of flame appears from out of thin air!
The puff of flame misses you. Something hits you.
You shoot a sling bullet.
An orc wizard appears from thin air!
Reactivating autopickup.
The orc wizard hits you but does no damage.
Something hits you.
You die...

.#............ ...>
.####....###.# #..
...........#.# ...
#####....#.#.###.#+#
.#.....#.#.....#...# .
.#.###.#.###.#.#...#
.. ...###+#.........#
#.#
###......###.#.#.#...#
#......#.....#@..#
#......#.#.###o{.#
#........#.# ...?+
#......###.###...#
#........... .....
#...#.#.### .<...#
#.###.### ####.# ..


You could see an orc wizard.

Vanquished Creatures
  Sigmund (D:3)
  Terence (D:3)
  4 adders (D:2)
  A worm (D:2)
  A dart slug (D:2)
  An orc (D:3)
  3 endoplasms
  4 goblins
  5 jackals (D:1)
  2 quokkas
  2 ball pythons (D:1)
  2 bats
  A frilled lizard (D:1)
  4 kobolds
  5 rats
37 creatures vanquished.

Notes
Turn   | Place    | Note
-------+----------+-------------------------------------------
     0 | D:1      | qw the Gargoyle Hexslinger began the quest for the Orb.
     0 | D:1      | Reached XP level 1. HP: 12/12 MP: 2/2
     0 | D:1      | 0 ||| qw: Version: 0.3-a-51-g015441d
     0 | D:1      | 0 ||| qw: Game counter: 3856
     0 | D:1      | 0 ||| qw: Melee chars always use a shield: true
     0 | D:1      | 0 ||| qw: God list: Okawaru
     0 | D:1      | 0 ||| qw: Allow faded altars: false
     0 | D:1      | 0 ||| qw: Do Orc after clearing Dungeon:15 true
     0 | D:1      | 0 ||| qw: Do second Lair branch before Depths: true
     0 | D:1      | 0 ||| qw: Lair rune preference: random
     0 | D:1      | 0 ||| qw: Goals: Normal
     0 | D:1      | 0 ||| PLANNING D:1-11
    59 | D:1      | 59 ||| Stepping ~*~*~tactically~*~*~ (outnumbered).
    93 | D:1      | Reached XP level 2. HP: 16/16 MP: 3/3
   248 | D:1      | Reached skill level 3 in Ranged Weapons
   636 | D:1      | 636 ||| UPGRADING to +1 hat.
   641 | D:1      | 641 ||| UPGRADING to +0 leather armour.
   651 | D:1      | 651 ||| DROPPING +0 robe.
   652 | D:1      | 652 ||| UPGRADING to +5 ring of evasion.
   653 | D:1      | 653 ||| READING 2 scrolls labelled UROSAE ZUKABB.
   654 | D:1      | 654 ||| READING scroll labelled YDGHUE PIOMUSM.
   655 | D:1      | 655 ||| READING scroll labelled QEB WEAWNOZ.
   656 | D:1      | 656 ||| DRINKING 2 orange potions.
   657 | D:1      | 657 ||| DRINKING 2 silvery potions.
   658 | D:1      | 658 ||| DROPPING scroll of poison.
   659 | D:1      | 659 ||| DROPPING potion of degeneration.
   734 | D:2      | Reached XP level 3. HP: 22/22 MP: 4/4
   777 | D:2      | Found Efesot's Antique Armour Emporium.
   781 | D:2      | 781 ||| SHOPLISTING pair of spiked gloves (152 gold, have
                  | 32).
   781 | D:2      | 781 ||| SHOPLISTING ring mail (64 gold, have 32).
  1353 | D:2      | Reached XP level 4. HP: 22/27 MP: 5/5
  1442 | D:2      | Found a faded altar of an unknown god.
  1596 | D:2      | 1596 ||| UPGRADING to amulet of faith.
  1601 | D:2      | 1601 ||| UPGRADING to +6 ring of strength.
  1602 | D:2      | 1602 ||| READING scroll labelled VOTOOF CO UDAN.
  1603 | D:2      | 1603 ||| READING scroll labelled ROMAIPN BAULL.
  1704 | D:2      | 1704 ||| READING 5 scrolls of identify.
  1704 | D:2      | 1704 ||| IDENTIFYING sapphire potion
  1705 | D:2      | 1705 ||| READING 4 scrolls of identify.
  1705 | D:2      | 1705 ||| IDENTIFYING puce potion
  1706 | D:2      | 1706 ||| READING 3 scrolls of identify.
  1706 | D:2      | 1706 ||| IDENTIFYING black potion
  1707 | D:2      | 1707 ||| READING 2 scrolls of identify.
  1707 | D:2      | 1707 ||| IDENTIFYING white potion
  1708 | D:2      | 1708 ||| DROPPING potion of magic.
  1709 | D:2      | 1709 ||| DROPPING potion of ambrosia.
  1710 | D:2      | 1710 ||| DROPPING potion of lignification.
  1850 | D:3      | Noticed Sigmund
  1860 | D:3      | Killed Sigmund
  1861 | D:3      | Reached skill level 5 in Ranged Weapons
  1861 | D:3      | Reached XP level 5. HP: 18/31 MP: 6/6
  1865 | D:3      | Noticed Terence
  1874 | D:3      | HP: 6/31 [Terence/+0 mace (3)]
  1875 | D:3      | 1875 ||| DRINKING potion of heal wounds.
  1883 | D:3      | Killed Terence
  1884 | D:3      | Reached XP level 6. HP: 14/36 MP: 7/7
  2082 | D:3      | HP: 6/36 [something/magic dart (5)]
  2085 | D:3      | HP: 2/36 [something (2)]
  2086 | D:3      | Slain by an orc wizard

Levels and vault maps discovered:
D:1:      eino_arrival_cavern_b, layout_basic
D:2:      layout_basic, basic_ecumenical_altar, serial_shops, shop
D:3:      layout_basic, minmay_misc_feat_roman, chequers_serial_rivers_micro_c,
          hex_tiny, minivault_24, uniq_sigmund, uniq_terence

Skill      XL: |  1  2  3  4 |
---------------+-------------+-----
Ranged Weapons | 3 5 |  5.6
Fighting       | 2 |  2.9
Dodging        | |  1.5
Spellcasting   | |  1.0
Hexes          | |  2.6

Action                     |  1- 3 |  4- 6 || total
---------------------------+-------+-------++-------
   Fire: Sling             |   111 |    72 ||   183
    Use: Scroll            |     3 |     6 ||     9
         Potion            |     2 |     1 ||     3
 Armour: Robe              |     6 |       ||     6
         Leather armour    |    13 |    33 ||    46
  Dodge: Dodged            |    35 |    29 ||    64

Table legend:
 A = Non-vault XP
 B = Vault XP
 C = Vault XP percentage of total XP
 D = Non-vault monster count
 E = Vault monster count
 F = Vault count percentage of total count
                 A         B        C        D         E       F
            +---------+---------+-------+---------+---------+-------
      Total |     108 |     250 |  69.8 |      35 |       2 |   5.4
            +---------+---------+-------+---------+---------+-------
        D:1 |      27 |       0 |   0.0 |      18 |       0 |   0.0
        D:2 |      75 |       0 |   0.0 |      14 |       0 |   0.0
        D:3 |       6 |     250 |  97.7 |       3 |       2 |  40.0
            +---------+---------+-------+---------+---------+-------
